 Dungeon Crawl Stone Soup version 0.30-a0-779-g7971cf19c3 (webtiles) character file.

Game seed: 6367005695451572197

51 cforsyth the Firebug (level 3, -5/19 HPs)
             Began as a Tengu Fire Elementalist on Feb 17, 2023.
             Killed from afar by Natasha (9 damage)
             ... with a magic dart
             ... on level 2 of the Dungeon.
             The game lasted 00:02:21 (1735 turns).

cforsyth the Firebug (Tengu Fire Elementalist)      Turns: 1735, Time: 00:02:21

Health: -5/19      AC:  2    Str: 10    XL:     3   Next: 81%
Magic:  0/8        EV: 12    Int: 15    God:
Gold:   57         SH:  0    Dex: 14    Spells: 6/7 levels left

rFire   . . .      SeeInvis .    (no weapon)
rCold   . . .      Faith    .    (no shield)
rNeg    . . .      Spirit   .    a - +0 robe
rPois   .          Reflect  .    (helmet restricted)
rElec   .          Harm     .    (no cloak)
rCorr   .          Rampage  .    (no gloves)
Will    .....                    (boots unavailable)
Stlth   ++                       e - amulet of regeneration
HPRegen 1.03/turn                (no ring)
MPRegen 0.11/turn                (no ring)

@: slowed, very slow
A: beak, talons 3
a: no special abilities


You were on level 2 of the Dungeon.
You visited 1 branch of the dungeon, and saw 2 of its levels.

You collected 57 gold pieces.

Inventory:

Armour
 a - a +0 robe (worn)
Jewellery
 e - an amulet of regeneration (around neck)
Scrolls
 c - 2 scrolls of identify {unknown}
 d - a scroll of torment {unknown}
 g - a scroll of vulnerability {unknown}
Potions
 b - a potion of magic
 f - a potion of lignification {unknown}
 h - a potion of resistance {unknown}


   Skills:
 - Level 2.1 Dodging
 - Level 2.0 Stealth
 + Level 2.7 Spellcasting
 + Level 2.9 Conjurations
 + Level 3.9 Fire Magic


You had 6 spell levels left.
You knew the following spells:

 Your Spells              Type           Power      Damage    Failure   Level
a - Foxfire               Conj/Fire      48%        2x1d6     4%          1

Your spell library contained the following spells:

 Spells                   Type           Power      Damage    Failure   Level
 Scorch                   Fire           26%        2d6       6%          2
 Inner Flame              Hex/Fire       8%         N/A       26%         3
 Kindle Blastsparks       Fire/Tloc/Air  12%        2d11      34%         3
 Flame Wave               Conj/Fire      12%        2d6       45%         4


Dungeon Overview and Level Annotations

Branches:
Dungeon (2/15)

Altars:

Shops:
D:1 [

Annotations:
D:2 Natasha


Innate Abilities, Weirdness & Mutations

You have a beak for a mouth.
You have claws for feet.


Message History

Natasha is heavily wounded.
The foxfire hits Natasha.
Natasha is heavily wounded.
Natasha barely misses you. x2
Casting: Foxfire (safe; 4% risk of failure)
Confirm with . or Enter, or press ? or * to list all spells.
You conjure some foxfire!
Natasha barely misses you.
Casting: Foxfire (safe; 4% risk of failure)
Confirm with . or Enter, or press ? or * to list all spells.
You don't have enough magic to cast this spell.
You hit Natasha but do no damage. Your peck misses Natasha.
Natasha is heavily wounded.
The foxfire hits Natasha.
Natasha is severely wounded.
The foxfire hits Natasha.
Natasha is severely wounded.
Natasha barely misses you. The giant cockroach bites you.
Natasha barely misses you. The giant cockroach barely misses you.
Natasha closely misses you.
Natasha stares at you and mumbles some strange words.
The magic dart hits you! The giant cockroach closely misses you.
Natasha attacks as you move away! Natasha closely misses you.
The giant cockroach attacks as you move away!
The giant cockroach completely misses you.
Natasha stares at you and mumbles some strange words.
The magic dart hits you. The giant cockroach barely misses you.
Unknown command.
The giant cockroach attacks as you move away!
The giant cockroach barely misses you. Natasha claws you!
* * * LOW HITPOINT WARNING * * *
The giant cockroach closely misses you.
Casting: Foxfire (safe; 4% risk of failure)
Confirm with . or Enter, or press ? or * to list all spells.
You conjure some foxfire!
The giant cockroach bites you.
* * * LOW HITPOINT WARNING * * *
Natasha stares at you and mumbles some strange words.
The magic dart hits you!
You die...

#. .# .#. .# .#< .#
.#.####.# .#......#####
##########.##..........
.........#..+.vv.......
########..###.@........
...###....hB........
.8..##.....#######..
...oo#.†...#
...oo#.....# ###
...oo#.....# #..
.8.o##.....# #.#
...###.....# #.#
########..#####
######.####


You could see an orc wizard, Natasha (ally target), an orc and a giant cockroach
(ally target).

Vanquished Creatures
  Natasha (D:2)
  3 endoplasms
  A giant cockroach (D:2)
  3 goblins (D:1)
  2 jackals (D:1)
  4 quokkas
  2 ball pythons (D:1)
  3 bats (D:1)
  2 frilled lizards (D:1)
  A kobold (D:2)
  A rat (D:1)
23 creatures vanquished.

Vanquished Creatures (others)
  127 foxfires
127 creatures vanquished.

Grand Total: 150 creatures vanquished

Notes
Turn   | Place    | Note
-------+----------+-------------------------------------------
     0 | D:1      | cforsyth the Tengu Fire Elementalist began the quest for
                  | the Orb.
     0 | D:1      | Reached XP level 1. HP: 10/10 MP: 4/4
   214 | D:1      | Found a faded altar of an unknown god.
   272 | D:1      | Reached XP level 2. HP: 15/15 MP: 0/6
   519 | D:1      | Found Humpira's Antique Armour Shop.
  1520 | D:2      | Reached XP level 3. HP: 19/19 MP: 4/7
  1681 | D:2      | Noticed Natasha
  1692 | D:2      | Killed Natasha
  1709 | D:2      | Noticed Natasha
  1735 | D:2      | Killed from afar by Natasha

Illustrated notes

Levels and vault maps discovered:
D:1:      psy_arrival_radial02, layout_basic, serial_shops,
          nicolae_diamond_shop, shapermc_ecumenical_altar_pompeii,
          kennysheep_minor_cross
D:2:      cheibrodos_pilgrimage, layout_basic, serial_shops, shop, uniq_natasha,
          uniq_sigmund

Skill      XL: |  1  2 |
---------------+-------+-----
Conjurations   | 2 |  2.9
Dodging        | |  2.1
Stealth        | |  2.0
Spellcasting   | |  2.7
Fire Magic     | |  3.9

Action                     || total
---------------------------++-------
  Melee: Unarmed           ||     4
         Kick              ||     2
   Cast: Foxfire           ||    74
 Armour: Robe              ||     3
  Dodge: Dodged            ||    32

Table legend: (Time is in decaauts)
 A = Elapsed time spent in this place.
 B = Non-inter-level travel time spent in this place.
 C = Inter-level travel time spent in this place.
 D = Time resting spent in this place.
 E = Time spent auto-exploring this place.
 F = Levels seen in this place.
 G = Mean time per level.
                   A        B        C        D        E       F      G
               +--------+--------+--------+--------+--------+-----+--------+
         Total |   1745 |   1690 |     55 |      0 |   1467 |   2 |  872.5 |
       Dungeon |   1745 |   1690 |     55 |      0 |   1467 |   2 |  872.5 |
               +--------+--------+--------+--------+--------+-----+--------+

Top non-repeatable levels by time:
     D:1: 1455 daAuts
     D:2: 290 daAuts
